Maple Leafs vs Jets
Created - March 22, 2021 at 20:28
Goals
|
| Maple Leafs |
0 |
0 |
0 |
0 |
| Jets |
1 |
1 |
1 |
3 |
|
Shots
|
| Maple Leafs |
17 |
6 |
9 |
32 |
| Jets |
10 |
15 |
10 |
35 |
|
1st period
1. Jets , Corey Perry 15 (Ryan Johansen 44) at 17:14
Penalties :
Chris Kelly (Tor) for Holding (Minor) at 1:50, Corey Perry (Win) for Roughing (Minor) at 6:47, Michael Matheson (Win) for Cross-checking (Minor) at 14:09, Kevin Shattenkirk (Tor) for Hooking (Minor) at 14:14, Corey Perry (Win) for Hooking (Minor) at 19:37
2nd period
2. Jets , Derek Stepan 25 (Marcus Johansson 31, Marco Scandella 16) at 5:33
Penalties :
Derek Stepan (Win) for Tripping (Minor) at 17:36
3rd period
3. Jets , Victor Hedman 10 (Tyler Myers 27) at 3:21 (PP)
Penalties :
Ben Smith (Tor) for Holding (Minor) at 2:51, Andre Burakovsky (Tor) for Interference (Minor) at 6:10, Calvin de Haan (Tor) for Interference (Minor) at 8:38, Logan Couture (Tor) for Slashing (Minor) at 16:03
Goalie Stats
John Gibson (Tor), 32 saves from 35 shots - (0.914), L, 13-17-5, 60:00 minutes
Jacob Markstrom (Win), 32 saves from 32 shots - (1.000), W, 16-19-4, 60:00 minutes
Players Stats for Maple Leafs
Player Name G A P +/- PIM S H SB GA TA FO MP PP MP PK MP
------------------------------------------------------------------------------------
Andre Burakovsky 0 0 0 0 2 0 0 0 0 0 0/0 9:42 0:00 0:11
Beau Bennett 0 0 0 0 0 0 0 0 1 0 0/0 9:14 0:00 0:00
Ben Smith 0 0 0 -2 2 3 2 0 1 1 0/2 15:12 2:30 0:00
Blake Comeau 0 0 0 0 0 0 2 0 0 0 0/0 6:06 0:00 0:00
Brayden Schenn 0 0 0 0 0 0 0 0 0 0 11/30 21:11 3:32 2:46
Braydon Coburn 0 0 0 0 0 1 1 2 0 0 0/0 21:24 1:50 3:26
Calvin de Haan 0 0 0 -1 2 0 0 2 1 0 0/0 9:24 0:00 0:00
Chris Kelly 0 0 0 0 2 2 1 0 1 0 4/7 9:04 0:00 1:49
Claude Giroux 0 0 0 0 0 4 1 1 0 2 0/0 24:05 3:32 4:56
Dany Heatley 0 0 0 0 0 0 0 0 0 0 0/0 8:06 0:00 1:30
Hampus Lindholm 0 0 0 0 0 4 3 2 1 4 0/0 21:51 1:50 3:31
Jake Guentzel 0 0 0 -2 0 4 1 1 0 0 0/0 15:13 2:30 0:00
John Klingberg 0 0 0 -1 0 4 2 3 1 0 0/0 29:48 4:12 5:05
Kevin Shattenkirk 0 0 0 -1 2 1 2 1 0 0 0/0 28:41 4:11 5:00
Logan Couture 0 0 0 -2 2 1 1 0 0 0 8/20 20:13 2:30 3:48
Mika Zibanejad 0 0 0 0 0 3 1 0 0 0 4/10 9:58 0:00 0:14
Patrick Kane 0 0 0 0 0 4 1 1 1 0 0/2 20:34 3:32 1:48
Ryan Parent 0 0 0 -1 0 1 0 0 0 0 0/0 9:43 0:00 0:00
Players Stats for Jets
Player Name G A P +/- PIM S H SB GA TA FO MP PP MP PK MP
------------------------------------------------------------------------------------
Adam Henrique 0 0 0 1 0 4 0 0 0 0 0/0 20:03 3:47 0:00
Corey Perry 1 0 1 1 4 2 4 0 0 0 2/3 19:10 3:47 0:00
Derek Stepan 1 0 1 1 2 5 3 0 2 1 9/17 17:00 3:52 0:00
Dougie Hamilton 0 0 0 0 0 0 1 1 0 0 0/0 20:02 3:01 4:04
Erik Haula 0 0 0 0 0 0 1 0 0 0 0/0 11:41 0:00 2:19
Jimmy Vesey 0 0 0 0 0 0 0 0 0 0 0/0 6:52 0:09 0:00
Marco Scandella 0 1 1 1 0 0 2 2 0 0 0/0 20:55 3:06 1:58
Marcus Johansson 0 1 1 1 0 5 2 0 1 0 1/1 17:14 4:39 0:00
Michael Matheson 0 0 0 0 2 1 0 0 0 1 0/0 11:23 0:30 0:00
Miro Aaltonen 0 0 0 0 0 3 0 0 0 0 8/9 9:15 0:00 0:00
Nino Niederreiter 0 0 0 1 0 7 2 0 2 0 0/0 19:16 4:35 1:38
Noel Acciari 0 0 0 0 0 3 1 0 1 1 7/7 10:50 0:00 3:42
Robert Hagg 0 0 0 1 0 1 1 2 1 0 0/0 14:57 0:25 0:00
Ronalds Kenins 0 0 0 0 0 2 0 0 0 0 0/1 10:27 0:00 3:43
Ryan Johansen 0 1 1 1 0 0 3 0 0 2 17/33 20:52 4:39 0:42
Tyler Myers 0 1 1 1 0 1 1 2 0 2 0/0 27:47 5:00 4:04
Victor Hedman 1 0 1 1 0 1 2 0 0 0 0/0 25:01 5:05 1:58
Vince Hinostroza 0 0 0 0 0 0 0 0 0 0 0/0 9:15 0:00 0:00
3 Stars
1 - Jacob Markstrom (Win)
2 - Victor Hedman (Win)
3 - Derek Stepan (Win)
Power Play
Maple Leafs - 0 on 4 Attempt(s) - 0.00%
Jets - 1 on 6 Attempt(s) - 16.67%
Penalty Kill
Maple Leafs - 5 on 6 Attempt(s) - 83.33%
- Score 0 goal in Penalty Kill
Jets - 4 on 4 Attempt(s) - 100.00%
- Score 0 goal in Penalty Kill
Team Stat
Maple Leafs - Hits : 18 - Faceoff Wins : 27 - Blocked Shots : 13 - Penalty Minutes : 12
Jets - Hits : 23 - Faceoff Wins : 44 - Blocked Shots : 7 - Penalty Minutes : 8
Official
Referees : Unknown
Linesman : Unknown
Game Notes
No Game Note
Finance
Level 1 -- Attendance: 6000 (100.00%) -- Ticket Income $630,000
Level 2 -- Attendance: 5000 (100.00%) -- Ticket Income $325,000
Level 3 -- Attendance: 1919 (95.95%) -- Ticket Income $80,598
Level 4 -- Attendance: 3795 (94.88%) -- Ticket Income $91,080
Luxury Box -- Attendance: 974 (97.40%) -- Ticket Income $177,268
Game was played at the MTS Center.
Total Attendance: 17688 (98.27%)
Total Ticket Income: $1,303,946
Other Income: $195,592
Total Income: $1,499,538
Maple Leafs
5 vs 5 Forward
Center Left Wing Right Wing Time % Phy DF OF
1 Brayden Schenn Claude Giroux Patrick Kane 40 1 2 2
2 Logan Couture Jake Guentzel Ben Smith 30 1 2 2
3 Mika Zibanejad Andre Burakovsky Beau Bennett 20 1 2 2
4 Chris Kelly Dany Heatley Blake Comeau 10 1 2 2
5 vs 5 Defense
Defense Defense Time % Phy DF OF
1 Kevin Shattenkirk John Klingberg 40 1 2 2
2 Braydon Coburn Hampus Lindholm 30 1 2 2
3 Ryan Parent Calvin de Haan 20 1 2 2
4 Kevin Shattenkirk John Klingberg 10 1 2 2
PowerPlay Forward
Center Left Wing Right Wing Time % Phy DF OF
1 Brayden Schenn Claude Giroux Patrick Kane 60 1 2 2
2 Logan Couture Jake Guentzel Ben Smith 40 1 2 2
PowerPlay Defense
Defense Defense Time % Phy DF OF
1 Kevin Shattenkirk John Klingberg 60 1 2 2
2 Braydon Coburn Hampus Lindholm 40 1 2 2
Penalty Kill 4 Players Forward
Center Wing Time % Phy DF OF
1 Logan Couture Claude Giroux 60 1 2 2
2 Brayden Schenn Patrick Kane 40 1 2 2
Penalty Kill 4 Players Defense
Defense Defense Time % Phy DF OF
1 Kevin Shattenkirk John Klingberg 60 1 2 2
2 Braydon Coburn Hampus Lindholm 40 1 2 2
Penalty Kill - 3 Players Forward
Forward Time % Phy DF OF
1 Brayden Schenn 60 1 2 2
2 Logan Couture 40 1 2 2
Penalty Kill - 3 Players Defense
Defense Defense Time % Phy DF OF
1 Kevin Shattenkirk John Klingberg 60 1 2 2
2 Braydon Coburn Hampus Lindholm 40 1 2 2
4 vs 4 Forward
Center Wing Time % Phy DF OF
1 Logan Couture Patrick Kane 60 1 2 2
2 Brayden Schenn Claude Giroux 40 1 2 2
4 vs 4 Defense
Defense Defense Time % Phy DF OF
1 Kevin Shattenkirk John Klingberg 60 1 2 2
2 Braydon Coburn Hampus Lindholm 40 1 2 2
Last Minutes Offensive
Center Left Wing Right Wing Defense Defense
Brayden Schenn Claude Giroux Patrick Kane Kevin Shattenkirk John Klingberg
Last Minutes Defensive
Center Left Wing Right Wing Defense Defense
Brayden Schenn Claude Giroux Patrick Kane Kevin Shattenkirk Braydon Coburn
Goaltenders
Starting : John Gibson
Backup : Tyler Weiman
Extra Forwards
Normal : Mika Zibanejad, Dany Heatley, Chris Kelly - PP : Mika Zibanejad, Dany Heatley - PK : Chris Kelly
Extra Defensemen
Normal : Ryan Parent, Calvin de Haan, Braydon Coburn - PP : Ryan Parent - PK : Calvin de Haan, Braydon Coburn
Penalty Shots
Claude Giroux, Patrick Kane, Brayden Schenn, Ben Smith, Logan Couture
Scratches
None
Jets
5 vs 5 Forward
Center Left Wing Right Wing Time % Phy DF OF
1 Ryan Johansen Adam Henrique Corey Perry 40 1 2 2
2 Derek Stepan Marcus Johansson Nino Niederreiter 30 1 2 2
3 Miro Aaltonen Erik Haula Vince Hinostroza 20 1 2 2
4 Noel Acciari Ronalds Kenins Jimmy Vesey 10 1 2 2
5 vs 5 Defense
Defense Defense Time % Phy DF OF
1 Victor Hedman Tyler Myers 40 1 2 2
2 Robert Hagg Marco Scandella 35 1 2 2
3 Dougie Hamilton Michael Matheson 25 0 2 3
4 Victor Hedman Marco Scandella 0 1 2 2
PowerPlay Forward
Center Left Wing Right Wing Time % Phy DF OF
1 Ryan Johansen Marcus Johansson Nino Niederreiter 55 1 0 4
2 Derek Stepan Adam Henrique Corey Perry 45 1 0 4
PowerPlay Defense
Defense Defense Time % Phy DF OF
1 Victor Hedman Tyler Myers 60 0 1 4
2 Dougie Hamilton Marco Scandella 40 0 1 4
Penalty Kill 4 Players Forward
Center Wing Time % Phy DF OF
1 Noel Acciari Ronalds Kenins 60 1 3 1
2 Erik Haula Nino Niederreiter 40 1 3 1
Penalty Kill 4 Players Defense
Defense Defense Time % Phy DF OF
1 Dougie Hamilton Tyler Myers 60 1 4 0
2 Victor Hedman Marco Scandella 40 1 4 0
Penalty Kill - 3 Players Forward
Forward Time % Phy DF OF
1 Erik Haula 60 1 2 2
2 Nino Niederreiter 40 1 2 2
Penalty Kill - 3 Players Defense
Defense Defense Time % Phy DF OF
1 Tyler Myers Dougie Hamilton 60 1 2 2
2 Marco Scandella Victor Hedman 40 1 2 2
4 vs 4 Forward
Center Wing Time % Phy DF OF
1 Ryan Johansen Adam Henrique 60 1 2 2
2 Derek Stepan Nino Niederreiter 40 1 2 2
4 vs 4 Defense
Defense Defense Time % Phy DF OF
1 Dougie Hamilton Tyler Myers 60 1 2 2
2 Victor Hedman Marco Scandella 40 1 2 2
Last Minutes Offensive
Center Left Wing Right Wing Defense Defense
Ryan Johansen Adam Henrique Nino Niederreiter Victor Hedman Tyler Myers
Last Minutes Defensive
Center Left Wing Right Wing Defense Defense
Ryan Johansen Erik Haula Nino Niederreiter Marco Scandella Tyler Myers
Goaltenders
Starting : Jacob Markstrom
Backup : Jonathan Bernier
Extra Forwards
Normal : Nino Niederreiter, Corey Perry, Adam Henrique - PP : Nino Niederreiter, Corey Perry - PK : Nino Niederreiter
Extra Defensemen
Normal : Victor Hedman, Marco Scandella, Dougie Hamilton - PP : Tyler Myers - PK : Michael Matheson, Marco Scandella
Penalty Shots
Nino Niederreiter, Corey Perry, Adam Henrique, Ryan Johansen, Erik Haula
Scratches
None
% Time on Ice - Maple Leafs
Lines # - Real PCT - Wanted PCT - Time Play
Normal Forward
1 - 35% - 40% - 15:08
2 - 30% - 30% - 13:05
3 - 21% - 20% - 9:14
4 - 14% - 10% - 6:06
Normal Defense
1 - 42% - 40% - 18:27
2 - 35% - 30% - 15:15
3 - 20% - 20% - 8:48
4 - 2% - 10% - 1:03
PP Forward
1 - 59% - 60% - 3:32
2 - 41% - 40% - 2:30
PP Defense
1 - 70% - 60% - 4:12
2 - 30% - 40% - 1:50
PK Forward
1 - 79% - 60% - 6:46
2 - 21% - 40% - 1:45
PK Defense
1 - 60% - 60% - 5:05
2 - 40% - 40% - 3:26
PK3 Forward
1 - 0% - 60%
2 - 0% - 40%
PK3 Defense
1 - 0% - 60%
2 - 0% - 40%
44 Forward
1 - 75% - 60% - 1:25
2 - 25% - 40% - 0:29
44 Defense
1 - 80% - 60% - 1:31
2 - 20% - 40% - 0:23
Last Minute Offensive - 0:00
Last Minute Defensive - 0:00
Total
Forward - 60:00
Defense - 60:00
|
% Time on Ice - Jets
Lines # - Real PCT - Wanted PCT - Time Play
Normal Forward
1 - 34% - 40% - 15:00
2 - 29% - 30% - 12:37
3 - 21% - 20% - 9:15
4 - 15% - 10% - 6:41
Normal Defense
1 - 41% - 40% - 17:57
2 - 34% - 35% - 14:55
3 - 24% - 25% - 10:15
4 - 1% - 0% - 0:26
PP Forward
1 - 55% - 55% - 4:39
2 - 45% - 45% - 3:52
PP Defense
1 - 64% - 60% - 5:25
2 - 36% - 40% - 3:06
PK Forward
1 - 78% - 60% - 4:43
2 - 22% - 40% - 1:19
PK Defense
1 - 67% - 60% - 4:04
2 - 33% - 40% - 1:58
PK3 Forward
1 - 0% - 60%
2 - 0% - 40%
PK3 Defense
1 - 0% - 60%
2 - 0% - 40%
44 Forward
1 - 75% - 60% - 1:25
2 - 25% - 40% - 0:29
44 Defense
1 - 56% - 60% - 1:04
2 - 44% - 40% - 0:50
Last Minute Offensive - 0:00
Last Minute Defensive - 0:00
Total
Forward - 60:00
Defense - 60:00
|
Play-by-Play
1st period
0:01 of 1st period - Brayden Schenn wins face-off versus Ryan Johansen in neutral zone.
0:12 of 1st period - Wrist shot by Claude Giroux.
0:12 of 1st period - Stopped by Jacob Markstrom without a rebound.
0:13 of 1st period - Marcus Johansson wins face-off versus Logan Couture in Jets zone.
0:23 of 1st period - Off-side.
0:24 of 1st period - Miro Aaltonen wins face-off versus Mika Zibanejad in neutral zone.
0:31 of 1st period - Snap shot by Miro Aaltonen.
0:31 of 1st period - Stopped by John Gibson without a rebound.
0:32 of 1st period - Mika Zibanejad wins face-off versus Miro Aaltonen in Maple Leafs zone.
1:23 of 1st period - Slapshot by John Klingberg.
1:23 of 1st period - Deflect By Dougie Hamilton.
1:23 of 1st period - Stopped by Jacob Markstrom without a rebound.
1:24 of 1st period - Chris Kelly wins face-off versus Derek Stepan in Jets zone.
1:50 of 1st period - Minor Penalty to Chris Kelly for Holding.
1:51 of 1st period - Ryan Johansen wins face-off versus Logan Couture in Maple Leafs zone.
2:17 of 1st period - Brayden Schenn is hit by Tyler Myers and loses puck.
2:37 of 1st period - Icing by Ryan Johansen.
2:38 of 1st period - Brayden Schenn wins face-off versus Derek Stepan in Jets zone.
3:50 of 1st period - Penalty to Chris Kelly is over, Chris Kelly is back on ice.
4:22 of 1st period - Icing by Calvin de Haan.
4:23 of 1st period - Mika Zibanejad wins face-off versus Ryan Johansen in Maple Leafs zone.
4:40 of 1st period - Ryan Parent is hit by Ryan Johansen and loses puck.
5:23 of 1st period - Noel Acciari is hit by Kevin Shattenkirk.
5:39 of 1st period - Slapshot by Jake Guentzel.
5:39 of 1st period - Stopped by Jacob Markstrom without a rebound.
5:40 of 1st period - Miro Aaltonen wins face-off versus Brayden Schenn in Jets zone.
6:05 of 1st period - Snap shot by Marcus Johansson.
6:05 of 1st period - Stopped by John Gibson with a rebound.
6:25 of 1st period - Slapshot by Claude Giroux.
6:25 of 1st period - Stopped by Jacob Markstrom with a rebound.
6:35 of 1st period - Snap shot by Claude Giroux.
6:35 of 1st period - Deflect By Patrick Kane.
6:35 of 1st period - Shot Misses the Net.
6:35 of 1st period - Puck is out of play.
6:36 of 1st period - Ryan Johansen wins face-off versus Mika Zibanejad in Jets zone.
6:40 of 1st period - Off-side.
6:41 of 1st period - Mika Zibanejad wins face-off versus Ryan Johansen in neutral zone.
6:44 of 1st period - Slapshot by John Klingberg.
6:44 of 1st period - Stopped by Jacob Markstrom without a rebound.
6:45 of 1st period - Ryan Johansen wins face-off versus Logan Couture in Jets zone.
6:47 of 1st period - Minor Penalty to Corey Perry for Roughing.
6:48 of 1st period - Noel Acciari wins face-off versus Patrick Kane in Jets zone.
6:56 of 1st period - Slapshot by Claude Giroux.
6:56 of 1st period - Shot Blocked by Dougie Hamilton.
7:03 of 1st period - Icing by Kevin Shattenkirk.
7:04 of 1st period - Noel Acciari wins face-off versus Brayden Schenn in Maple Leafs zone.
7:07 of 1st period - Wrist shot by Noel Acciari.
7:07 of 1st period - Deflect By Claude Giroux.
7:07 of 1st period - Stopped by John Gibson without a rebound.
7:08 of 1st period - Noel Acciari wins face-off versus Brayden Schenn in Maple Leafs zone.
7:09 of 1st period - Slapshot by Dougie Hamilton.
7:09 of 1st period - Shot Misses the Net.
7:22 of 1st period - Snap shot by Patrick Kane.
7:22 of 1st period - Stopped by Jacob Markstrom with a rebound.
7:24 of 1st period - Slapshot by Kevin Shattenkirk.
7:24 of 1st period - Shot Misses the Net.
7:38 of 1st period - Snap shot by Nino Niederreiter.
7:38 of 1st period - Shot Misses the Net.
8:47 of 1st period - Penalty to Corey Perry is over, Corey Perry is back on ice.
9:02 of 1st period - Wrist shot by Chris Kelly.
9:02 of 1st period - Stopped by Jacob Markstrom with a rebound.
9:04 of 1st period - Slapshot by Ryan Parent.
9:04 of 1st period - Shot Misses the Net.
9:06 of 1st period - Snap shot by Dany Heatley.
9:06 of 1st period - Shot Blocked by Tyler Myers.
9:18 of 1st period - Wrist shot by Marcus Johansson.
9:18 of 1st period - Stopped by John Gibson with a rebound.
9:20 of 1st period - Slapshot by Tyler Myers.
9:20 of 1st period - Shot Blocked by Calvin de Haan.
9:22 of 1st period - Snap shot by Nino Niederreiter.
9:22 of 1st period - Stopped by John Gibson with a rebound.
9:24 of 1st period - Wrist shot by Nino Niederreiter.
9:24 of 1st period - Shot Blocked by Calvin de Haan.
9:50 of 1st period - Slapshot by Jake Guentzel.
9:50 of 1st period - Deflect By Ben Smith.
9:50 of 1st period - Stopped by Jacob Markstrom without a rebound.
9:51 of 1st period - Miro Aaltonen wins face-off versus Logan Couture in Jets zone.
10:04 of 1st period - Snap shot by Adam Henrique.
10:04 of 1st period - Shot Blocked by Jake Guentzel.
10:22 of 1st period - Braydon Coburn is hit by Marco Scandella and loses puck.
10:31 of 1st period - Snap shot by Jake Guentzel.
10:31 of 1st period - Stopped by Jacob Markstrom without a rebound.
10:32 of 1st period - Brayden Schenn wins face-off versus Derek Stepan in Jets zone.
10:45 of 1st period - Hampus Lindholm is hit by Nino Niederreiter and loses puck.
11:02 of 1st period - Wrist shot by Mika Zibanejad.
11:02 of 1st period - Shot Misses the Net.
11:04 of 1st period - Slapshot by Hampus Lindholm.
11:04 of 1st period - Deflect By Dougie Hamilton.
11:04 of 1st period - Stopped by Jacob Markstrom with a rebound.
11:08 of 1st period - Slapshot by Mika Zibanejad.
11:08 of 1st period - Stopped by Jacob Markstrom without a rebound.
11:09 of 1st period - Ryan Johansen wins face-off versus Logan Couture in Jets zone.
11:37 of 1st period - Marcus Johansson is hit by John Klingberg and loses puck.
11:46 of 1st period - Snap shot by Claude Giroux.
11:46 of 1st period - Shot Misses the Net.
12:10 of 1st period - Wrist shot by Miro Aaltonen.
12:10 of 1st period - Stopped by John Gibson with a rebound.
12:22 of 1st period - Marco Scandella is hit by Blake Comeau.
12:28 of 1st period - Wrist shot by Noel Acciari.
12:28 of 1st period - Stopped by John Gibson without a rebound.
12:29 of 1st period - Ryan Johansen wins face-off versus Brayden Schenn in Maple Leafs zone.
12:42 of 1st period - Snap shot by Adam Henrique.
12:42 of 1st period - Shot Misses the Net.
12:56 of 1st period - Marco Scandella is hit by Ben Smith and loses puck.
13:07 of 1st period - Slapshot by Kevin Shattenkirk.
13:07 of 1st period - Stopped by Jacob Markstrom with a rebound.
13:25 of 1st period - Vince Hinostroza is hit by Mika Zibanejad and loses puck.
13:36 of 1st period - Hampus Lindholm is hit by Noel Acciari and loses puck.
13:45 of 1st period - Wrist shot by Ronalds Kenins.
13:45 of 1st period - Stopped by John Gibson with a rebound.
14:03 of 1st period - Snap shot by Claude Giroux.
14:03 of 1st period - Stopped by Jacob Markstrom with a rebound.
14:05 of 1st period - Slapshot by Braydon Coburn.
14:05 of 1st period - Stopped by Jacob Markstrom without a rebound.
14:06 of 1st period - Ryan Johansen wins face-off versus Brayden Schenn in Jets zone.
14:06 of 1st period - Ryan Johansen is hit by Kevin Shattenkirk.
14:09 of 1st period - Minor Penalty to Michael Matheson for Cross-checking.
14:10 of 1st period - Noel Acciari wins face-off versus Brayden Schenn in Jets zone.
14:14 of 1st period - Minor Penalty to Kevin Shattenkirk for Hooking.
14:15 of 1st period - Logan Couture wins face-off versus Ryan Johansen in Maple Leafs zone.
14:22 of 1st period - Ryan Johansen is hit by Logan Couture and loses puck.
15:47 of 1st period - Braydon Coburn is hit by Dougie Hamilton and loses puck.
16:09 of 1st period - Penalty to Michael Matheson is over, Michael Matheson is back on ice.
16:14 of 1st period - Penalty to Kevin Shattenkirk is over, Kevin Shattenkirk is back on ice.
16:20 of 1st period - Kevin Shattenkirk is hit by Marco Scandella and loses puck.
16:27 of 1st period - Slapshot by Ronalds Kenins.
16:27 of 1st period - Shot Misses the Net.
17:01 of 1st period - Wrist shot by Claude Giroux.
17:01 of 1st period - Deflect By Chris Kelly.
17:01 of 1st period - Shot Misses the Net.
17:01 of 1st period - Puck is out of play.
17:02 of 1st period - Logan Couture wins face-off versus Ryan Johansen in Jets zone.
17:14 of 1st period - Slapshot by Corey Perry.
17:14 of 1st period - Goal by Corey Perry - Maple Leafs : 0 - Jets : 1.
17:15 of 1st period - Ryan Johansen wins face-off versus Brayden Schenn in neutral zone.
17:27 of 1st period - Icing by Tyler Myers.
17:28 of 1st period - Brayden Schenn wins face-off versus Ryan Johansen in Jets zone.
17:55 of 1st period - Snap shot by Marcus Johansson.
17:55 of 1st period - Stopped by John Gibson with a rebound.
18:56 of 1st period - Slapshot by John Klingberg.
18:56 of 1st period - Stopped by Jacob Markstrom with a rebound.
19:01 of 1st period - Off-side.
19:02 of 1st period - Ryan Johansen wins face-off versus Brayden Schenn in neutral zone.
19:07 of 1st period - Patrick Kane is hit by Corey Perry and loses puck.
19:32 of 1st period - Snap shot by Patrick Kane.
19:32 of 1st period - Stopped by Jacob Markstrom with a rebound.
19:34 of 1st period - Snap shot by Ryan Parent.
19:34 of 1st period - Deflect By Nino Niederreiter.
19:34 of 1st period - Stopped by Jacob Markstrom without a rebound.
19:35 of 1st period - Ryan Johansen wins face-off versus Logan Couture in Jets zone.
19:37 of 1st period - Minor Penalty to Corey Perry for Hooking.
19:38 of 1st period - Brayden Schenn wins face-off versus Ronalds Kenins in Jets zone.
Goals for this period are 0 for Maple Leafs vs 1 for Jets.
Shots for this period are 17 for Maple Leafs vs 10 for Jets.
2nd period
0:01 of 2nd period - Noel Acciari wins face-off versus Brayden Schenn in neutral zone.
1:08 of 2nd period - Hampus Lindholm is hit by Erik Haula and loses puck.
1:37 of 2nd period - Penalty to Corey Perry is over, Corey Perry is back on ice.
2:00 of 2nd period - Ryan Parent is hit by Derek Stepan.
2:06 of 2nd period - Wrist shot by Nino Niederreiter.
2:06 of 2nd period - Stopped by John Gibson without a rebound.
2:07 of 2nd period - Miro Aaltonen wins face-off versus Mika Zibanejad in Maple Leafs zone.
2:08 of 2nd period - Wrist shot by Vince Hinostroza.
2:08 of 2nd period - Shot Blocked by Hampus Lindholm.
3:19 of 2nd period - Snap shot by Chris Kelly.
3:19 of 2nd period - Stopped by Jacob Markstrom with a rebound.
4:01 of 2nd period - Off-side.
4:02 of 2nd period - Derek Stepan wins face-off versus Mika Zibanejad in neutral zone.
4:09 of 2nd period - Wrist shot by Nino Niederreiter.
4:09 of 2nd period - Stopped by John Gibson without a rebound.
4:10 of 2nd period - Ryan Johansen wins face-off versus Brayden Schenn in Maple Leafs zone.
4:11 of 2nd period - Wrist shot by Corey Perry.
4:11 of 2nd period - Stopped by John Gibson without a rebound.
4:12 of 2nd period - Ryan Johansen wins face-off versus Brayden Schenn in Maple Leafs zone.
4:13 of 2nd period - Snap shot by Adam Henrique.
4:13 of 2nd period - Stopped by John Gibson without a rebound.
4:14 of 2nd period - Brayden Schenn wins face-off versus Ryan Johansen in Maple Leafs zone.
4:14 of 2nd period - Brayden Schenn is hit by Corey Perry.
4:47 of 2nd period - Slapshot by Hampus Lindholm.
4:47 of 2nd period - Stopped by Jacob Markstrom with a rebound.
4:49 of 2nd period - Snap shot by Andre Burakovsky.
4:49 of 2nd period - Shot Misses the Net.
4:51 of 2nd period - Snap shot by Beau Bennett.
4:51 of 2nd period - Shot Misses the Net.
4:53 of 2nd period - Wrist shot by Braydon Coburn.
4:53 of 2nd period - Shot Blocked by Tyler Myers.
5:13 of 2nd period - Wrist shot by Corey Perry.
5:13 of 2nd period - Shot Misses the Net.
5:33 of 2nd period - Snap shot by Derek Stepan.
5:33 of 2nd period - Goal by Derek Stepan - Maple Leafs : 0 - Jets : 2.
5:34 of 2nd period - Derek Stepan wins face-off versus Brayden Schenn in neutral zone.
5:53 of 2nd period - Claude Giroux is hit by Robert Hagg and loses puck.
6:10 of 2nd period - Snap shot by Ben Smith.
6:10 of 2nd period - Stopped by Jacob Markstrom without a rebound.
6:11 of 2nd period - Ryan Johansen wins face-off versus Logan Couture in Jets zone.
6:11 of 2nd period - Ryan Johansen is hit by Ben Smith.
6:36 of 2nd period - Patrick Kane is hit by Derek Stepan and loses puck.
6:41 of 2nd period - Snap shot by Nino Niederreiter.
6:41 of 2nd period - Stopped by John Gibson without a rebound.
6:42 of 2nd period - Derek Stepan wins face-off versus Brayden Schenn in Maple Leafs zone.
6:45 of 2nd period - Snap shot by Marcus Johansson.
6:45 of 2nd period - Stopped by John Gibson without a rebound.
6:46 of 2nd period - Derek Stepan wins face-off versus Brayden Schenn in Maple Leafs zone.
6:53 of 2nd period - Michael Matheson is hit by John Klingberg and loses puck.
6:58 of 2nd period - Wrist shot by Claude Giroux.
6:58 of 2nd period - Stopped by Jacob Markstrom without a rebound.
6:59 of 2nd period - Brayden Schenn wins face-off versus Ryan Johansen in Jets zone.
7:02 of 2nd period - Snap shot by Patrick Kane.
7:02 of 2nd period - Shot Blocked by Robert Hagg.
8:29 of 2nd period - Snap shot by Brayden Schenn.
8:29 of 2nd period - Shot Misses the Net.
8:31 of 2nd period - Slapshot by Ryan Parent.
8:31 of 2nd period - Shot Misses the Net.
8:33 of 2nd period - Wrist shot by Patrick Kane.
8:33 of 2nd period - Stopped by Jacob Markstrom with a rebound.
9:51 of 2nd period - Wrist shot by Jimmy Vesey.
9:51 of 2nd period - Shot Misses the Net.
9:53 of 2nd period - Snap shot by Ronalds Kenins.
9:53 of 2nd period - Stopped by John Gibson with a rebound.
9:55 of 2nd period - Snap shot by Ronalds Kenins.
9:55 of 2nd period - Shot Blocked by John Klingberg.
9:57 of 2nd period - Slapshot by Robert Hagg.
9:57 of 2nd period - Stopped by John Gibson with a rebound.
9:59 of 2nd period - Snap shot by Ronalds Kenins.
9:59 of 2nd period - Shot Blocked by Patrick Kane.
10:19 of 2nd period - Snap shot by Nino Niederreiter.
10:19 of 2nd period - Stopped by John Gibson without a rebound.
10:20 of 2nd period - Logan Couture wins face-off versus Derek Stepan in Maple Leafs zone.
10:29 of 2nd period - Backhand shot by Jake Guentzel.
10:29 of 2nd period - Shot Misses the Net.
11:11 of 2nd period - Snap shot by Miro Aaltonen.
11:11 of 2nd period - Stopped by John Gibson without a rebound.
11:12 of 2nd period - Miro Aaltonen wins face-off versus Logan Couture in Maple Leafs zone.
11:19 of 2nd period - Wrist shot by Miro Aaltonen.
11:19 of 2nd period - Shot Misses the Net.
11:58 of 2nd period - Icing by Dougie Hamilton.
11:59 of 2nd period - Mika Zibanejad wins face-off versus Ryan Johansen in Jets zone.
12:10 of 2nd period - Wrist shot by Ben Smith.
12:10 of 2nd period - Stopped by Jacob Markstrom without a rebound.
12:11 of 2nd period - Brayden Schenn wins face-off versus Derek Stepan in Jets zone.
12:38 of 2nd period - John Klingberg is hit by Victor Hedman.
13:47 of 2nd period - Marcus Johansson is hit by Patrick Kane.
14:03 of 2nd period - Jake Guentzel is hit by Ryan Johansen and loses puck.
14:32 of 2nd period - Chris Kelly is hit by Corey Perry.
14:54 of 2nd period - Slapshot by Tyler Myers.
14:54 of 2nd period - Stopped by John Gibson without a rebound.
14:55 of 2nd period - Derek Stepan wins face-off versus Brayden Schenn in Maple Leafs zone.
14:58 of 2nd period - Slapshot by Marcus Johansson.
14:58 of 2nd period - Shot Blocked by Braydon Coburn.
15:00 of 2nd period - Snap shot by Marcus Johansson.
15:00 of 2nd period - Shot Misses the Net.
15:02 of 2nd period - Slapshot by Michael Matheson.
15:02 of 2nd period - Shot Blocked by Braydon Coburn.
15:04 of 2nd period - Snap shot by Marcus Johansson.
15:04 of 2nd period - Shot Misses the Net.
16:28 of 2nd period - Dany Heatley is hit by Derek Stepan.
16:29 of 2nd period - Icing by Dany Heatley.
16:30 of 2nd period - Derek Stepan wins face-off versus Chris Kelly in Maple Leafs zone.
16:33 of 2nd period - Snap shot by Derek Stepan.
16:33 of 2nd period - Shot Blocked by John Klingberg.
16:37 of 2nd period - Wrist shot by Derek Stepan.
16:37 of 2nd period - Stopped by John Gibson with a rebound.
16:45 of 2nd period - Slapshot by Nino Niederreiter.
16:45 of 2nd period - Stopped by John Gibson without a rebound.
16:46 of 2nd period - Ryan Johansen wins face-off versus Brayden Schenn in Maple Leafs zone.
16:47 of 2nd period - Slapshot by Adam Henrique.
16:47 of 2nd period - Stopped by John Gibson with a rebound.
16:51 of 2nd period - Snap shot by Corey Perry.
16:51 of 2nd period - Shot Blocked by Hampus Lindholm.
16:53 of 2nd period - Slapshot by Tyler Myers.
16:53 of 2nd period - Shot Blocked by Claude Giroux.
17:36 of 2nd period - Minor Penalty to Derek Stepan for Tripping.
17:37 of 2nd period - Noel Acciari wins face-off versus Patrick Kane in Jets zone.
19:09 of 2nd period - Icing by Jake Guentzel.
19:10 of 2nd period - Ryan Johansen wins face-off versus Ben Smith in Maple Leafs zone.
19:36 of 2nd period - Penalty to Derek Stepan is over, Derek Stepan is back on ice.
19:44 of 2nd period - Andre Burakovsky is hit by Nino Niederreiter and loses puck.
Goals for this period are 0 for Maple Leafs vs 1 for Jets.
Shots for this period are 6 for Maple Leafs vs 15 for Jets.
3rd period
0:01 of 3rd period - Brayden Schenn wins face-off versus Ryan Johansen in neutral zone.
0:14 of 3rd period - Snap shot by Patrick Kane.
0:14 of 3rd period - Shot Misses the Net.
1:04 of 3rd period - Slapshot by Ben Smith.
1:04 of 3rd period - Shot Blocked by Robert Hagg.
1:06 of 3rd period - Wrist shot by Jake Guentzel.
1:06 of 3rd period - Stopped by Jacob Markstrom without a rebound.
1:07 of 3rd period - Corey Perry wins face-off versus Brayden Schenn in Jets zone.
1:07 of 3rd period - Corey Perry is hit by Braydon Coburn.
1:14 of 3rd period - Off-side.
1:15 of 3rd period - Brayden Schenn wins face-off versus Ryan Johansen in neutral zone.
2:14 of 3rd period - Snap shot by Patrick Kane.
2:14 of 3rd period - Stopped by Jacob Markstrom with a rebound.
2:16 of 3rd period - Slapshot by Hampus Lindholm.
2:16 of 3rd period - Deflect By Brayden Schenn.
2:16 of 3rd period - Deflect By Dougie Hamilton.
2:16 of 3rd period - Shot Misses the Net.
2:16 of 3rd period - Puck is out of play.
2:17 of 3rd period - Derek Stepan wins face-off versus Ben Smith in Jets zone.
2:30 of 3rd period - Backhand shot by Nino Niederreiter.
2:30 of 3rd period - Stopped by John Gibson without a rebound.
2:31 of 3rd period - Derek Stepan wins face-off versus Logan Couture in Maple Leafs zone.
2:36 of 3rd period - Wrist shot by Derek Stepan.
2:36 of 3rd period - Stopped by John Gibson without a rebound.
2:37 of 3rd period - Logan Couture wins face-off versus Derek Stepan in Maple Leafs zone.
2:40 of 3rd period - Snap shot by Marcus Johansson.
2:40 of 3rd period - Stopped by John Gibson with a rebound.
2:51 of 3rd period - Minor Penalty to Ben Smith for Holding.
2:52 of 3rd period - Logan Couture wins face-off versus Ryan Johansen in Maple Leafs zone.
2:59 of 3rd period - Off-side.
3:00 of 3rd period - Logan Couture wins face-off versus Ryan Johansen in neutral zone.
3:21 of 3rd period - Slapshot by Victor Hedman.
3:21 of 3rd period - Deflect By Claude Giroux.
3:21 of 3rd period - Goal by Victor Hedman - Maple Leafs : 0 - Jets : 3.
3:22 of 3rd period - Ryan Johansen wins face-off versus Brayden Schenn in neutral zone.
3:48 of 3rd period - Wrist shot by Derek Stepan.
3:48 of 3rd period - Stopped by John Gibson without a rebound.
3:49 of 3rd period - Derek Stepan wins face-off versus Logan Couture in Maple Leafs zone.
3:59 of 3rd period - Off-side.
4:00 of 3rd period - Brayden Schenn wins face-off versus Corey Perry in neutral zone.
4:15 of 3rd period - Slapshot by Claude Giroux.
4:15 of 3rd period - Shot Misses the Net.
4:17 of 3rd period - Snap shot by Patrick Kane.
4:17 of 3rd period - Shot Blocked by Marco Scandella.
4:27 of 3rd period - Jake Guentzel is hit by Marcus Johansson and loses puck.
6:08 of 3rd period - Snap shot by Derek Stepan.
6:08 of 3rd period - Shot Misses the Net.
6:10 of 3rd period - Minor Penalty to Andre Burakovsky for Interference.
6:11 of 3rd period - Logan Couture wins face-off versus Ryan Johansen in Maple Leafs zone.
6:11 of 3rd period - Logan Couture is hit by Ryan Johansen.
6:59 of 3rd period - Tyler Myers is hit by Hampus Lindholm and loses puck.
8:03 of 3rd period - Icing by Derek Stepan.
8:04 of 3rd period - Chris Kelly wins face-off versus Derek Stepan in Jets zone.
8:10 of 3rd period - Penalty to Andre Burakovsky is over, Andre Burakovsky is back on ice.
8:25 of 3rd period - Wrist shot by Jimmy Vesey.
8:25 of 3rd period - Shot Misses the Net.
8:27 of 3rd period - Slapshot by Noel Acciari.
8:27 of 3rd period - Stopped by John Gibson without a rebound.
8:28 of 3rd period - Miro Aaltonen wins face-off versus Chris Kelly in Maple Leafs zone.
8:38 of 3rd period - Minor Penalty to Calvin de Haan for Interference.
8:39 of 3rd period - Ryan Johansen wins face-off versus Logan Couture in Maple Leafs zone.
9:31 of 3rd period - Chris Kelly is hit by Corey Perry and loses puck.
10:38 of 3rd period - Penalty to Calvin de Haan is over, Calvin de Haan is back on ice.
10:58 of 3rd period - Snap shot by Mika Zibanejad.
10:58 of 3rd period - Stopped by Jacob Markstrom without a rebound.
10:59 of 3rd period - Noel Acciari wins face-off versus Chris Kelly in Jets zone.
11:03 of 3rd period - Robert Hagg is hit by Hampus Lindholm and loses puck.
11:24 of 3rd period - Michael Matheson is hit by Hampus Lindholm and loses puck.
11:45 of 3rd period - Slapshot by Dougie Hamilton.
11:45 of 3rd period - Shot Misses the Net.
11:47 of 3rd period - Wrist shot by Ryan Johansen.
11:47 of 3rd period - Deflect By Adam Henrique.
11:47 of 3rd period - Stopped by John Gibson without a rebound.
11:48 of 3rd period - Corey Perry wins face-off versus Logan Couture in Maple Leafs zone.
11:51 of 3rd period - Slapshot by Ryan Johansen.
11:51 of 3rd period - Shot Blocked by Kevin Shattenkirk.
11:53 of 3rd period - Slapshot by Adam Henrique.
11:53 of 3rd period - Shot Blocked by John Klingberg.
11:55 of 3rd period - Wrist shot by Corey Perry.
11:55 of 3rd period - Shot Misses the Net.
11:57 of 3rd period - Snap shot by Ryan Johansen.
11:57 of 3rd period - Shot Misses the Net.
12:13 of 3rd period - Derek Stepan is hit by Claude Giroux and loses puck.
12:24 of 3rd period - Snap shot by Derek Stepan.
12:24 of 3rd period - Deflect By Kevin Shattenkirk.
12:24 of 3rd period - Stopped by John Gibson with a rebound.
12:40 of 3rd period - Kevin Shattenkirk is hit by Victor Hedman and loses puck.
12:57 of 3rd period - Miro Aaltonen is hit by Chris Kelly.
13:07 of 3rd period - Miro Aaltonen is hit by Blake Comeau and loses puck.
13:34 of 3rd period - Slapshot by Hampus Lindholm.
13:34 of 3rd period - Stopped by Jacob Markstrom with a rebound.
15:29 of 3rd period - Snap shot by Ben Smith.
15:29 of 3rd period - Deflect By Logan Couture.
15:29 of 3rd period - Stopped by Jacob Markstrom with a rebound.
15:38 of 3rd period - Robert Hagg is hit by Jake Guentzel and loses puck.
16:03 of 3rd period - Minor Penalty to Logan Couture for Slashing.
16:04 of 3rd period - Chris Kelly wins face-off versus Ryan Johansen in Maple Leafs zone.
16:11 of 3rd period - Off-side.
16:12 of 3rd period - Chris Kelly wins face-off versus Ryan Johansen in neutral zone.
16:51 of 3rd period - Wrist shot by Derek Stepan.
16:51 of 3rd period - Deflect By Adam Henrique.
16:51 of 3rd period - Stopped by John Gibson with a rebound.
17:48 of 3rd period - Andre Burakovsky is hit by Marcus Johansson and loses puck.
18:03 of 3rd period - Penalty to Logan Couture is over, Logan Couture is back on ice.
18:36 of 3rd period - Snap shot by Mika Zibanejad.
18:36 of 3rd period - Stopped by Jacob Markstrom without a rebound.
18:37 of 3rd period - Miro Aaltonen wins face-off versus Mika Zibanejad in Jets zone.
18:42 of 3rd period - Slapshot by Michael Matheson.
18:42 of 3rd period - Stopped by John Gibson without a rebound.
18:43 of 3rd period - Miro Aaltonen wins face-off versus Mika Zibanejad in Maple Leafs zone.
19:17 of 3rd period - Snap shot by Ben Smith.
19:17 of 3rd period - Shot Blocked by Marco Scandella.
19:19 of 3rd period - Slapshot by John Klingberg.
19:19 of 3rd period - Stopped by Jacob Markstrom without a rebound.
19:20 of 3rd period - Ryan Johansen wins face-off versus Brayden Schenn in Jets zone.
19:51 of 3rd period - Wrist shot by Hampus Lindholm.
19:51 of 3rd period - Stopped by Jacob Markstrom with a rebound.
19:53 of 3rd period - Slapshot by Hampus Lindholm.
19:53 of 3rd period - Deflect By Jake Guentzel.
19:53 of 3rd period - Stopped by Jacob Markstrom without a rebound.
19:54 of 3rd period - Logan Couture wins face-off versus Derek Stepan in Jets zone.
Goals for this period are 0 for Maple Leafs vs 1 for Jets.
Shots for this period are 9 for Maple Leafs vs 10 for Jets.